[Event "Titled Tuesday Blitz October 5 2021"]
[White "Gabrielian, Artur"]
[Black "adjorno"]
[WhiteFideId "4131002"]
[WhiteElo "2489"]
[BlackElo "2405"]
[Result "1-0"]
[Round "01"]
[TimeControl "180+1"]
[Date "2021.10.05"]
[WhiteClock "0:00:59"]
[BlackClock "0:00:07"]

1. e4 c6 2. d4 d5 3. e5 Bf5 4. h4 h5 5. Bd3 Bxd3 6. Qxd3 Qa5+ 7. Nd2 e6 8. Nf3 Nh6 9. O-O Qa6 10. c4 dxc4 11. Nxc4 Nf5 12. Bg5 Nd7 13. b3 Nb6 14. a4 Bb4 15. Qc2 O-O 16. Rad1 Rac8 17. Bd2 Be7 18. a5 Nxc4 19. bxc4 Rfd8 20. Be3 Qxa5 21. Ra1 Qc7 22. Rxa7 c5 23. d5 Nxe3 24. fxe3 exd5 25. cxd5 Rxd5 26. Qf5 g6 27. Qe4 Qc6 28. e6 Qxe6 29. Qxe6 fxe6 30. Rxb7 Bf6 31. e4 Rd3 32. e5 Rxf3 33. Rxf3 Bxe5 34. Kf1 c4 35. Rf2 c3 36. Rc2 Bf6 37. g3 g5 38. hxg5 Bxg5 39. Rb5 Bd2 40. Rxh5 Kf7 41. Ke2 Kf6 42. Rb5 Rg8 43. Kf3 Rg5 44. Rb4 Kf5 45. g4+ Kf6 46. Rc4 Rd5 47. Ke4 Rd8 48. Ra4 Rg8 49. Kf3 Rd8 50. Rc4 Rd3+ 51. Kf2 e5 52. Ra2 Kg5 53. Ra8 Bf4 54. Rg8+ Kh4 55. Rc7 Rd2+ 56. Kf3 Rd3+ 57. Ke4 Re3+ 58. Kf5 Kg3 59. Rgc8 Rd3 60. Rxc3 Rxc3 61. Rxc3+ Kh4 62. Rf3 Bg3 63. g5 e4 64. Re3 Bf4 65. Kxf4 1-0


[Site "https://www.chess.com"]

[Event "Titled Tuesday Blitz October 5 2021"]
[White "Gaehwiler, Gabriel"]
[Black "Sunnika"]
[WhiteFideId "1314530"]
[WhiteElo "2320"]
[BlackElo "2359"]
[Result "1-0"]
[Round "01"]
[TimeControl "180+1"]
[Date "2021.10.05"]
[WhiteClock "0:01:53"]
[BlackClock "0:00:04"]

1. d4 d5 2. c4 c6 3. Nf3 Nf6 4. Nc3 a6 5. g3 dxc4 6. a4 Bf5 7. Bg2 a5 8. Ne5 e6 9. Nxc4 Bb4 10. O-O O-O 11. Bf4 Na6 12. Rc1 h6 13. e4 Bh7 14. f3 Qe7 15. Qe2 Rfd8 16. Rfd1 Nd7 17. Be3 Rac8 18. Bf2 Kh8 19. Ne3 e5 20. d5 Ndc5 21. Qc2 h5 22. Bh3 Rb8 23. Bf5 Bxf5 24. Nxf5 Qf6 25. Kg2 g6 26. Ne3 Kh7 27. Nc4 b5 28. Ne3 Bxc3 29. bxc3 Nxa4 30. Ra1 N4c5 31. Rxa5 Nc7 32. Ra7 Rb7 33. Rxb7 Nxb7 34. Qb3 Qe6 35. dxe6 Rxd1 36. Qxd1 Nxe6 37. Qd7 Nbc5 38. Qxf7+ Kh6 39. Ng4+ hxg4 40. Be3+ g5 41. Qf6+ Kh7 42. fxg4 1-0


[Site "https://www.chess.com"]

[Event "Titled Tuesday Blitz October 5 2021"]
[White "Garcia Blanco, Omar"]
[Black "Rustemov, Alexander"]
[WhiteFideId "2287153"]
[BlackFideId "4119002"]
[WhiteElo "2291"]
[BlackElo "2790"]
[Result "0-1"]
[Round "01"]
[TimeControl "180+1"]
[Date "2021.10.05"]
[WhiteClock "0:00:13"]
[BlackClock "0:00:24"]

1. e4 e6 2. d4 d5 3. Nc3 Bb4 4. e5 c5 5. Bd2 Bd7 6. f4 Ne7 7. Nf3 cxd4 8. Ne2 Qb6 9. Nexd4 Bxd2+ 10. Qxd2 Qxb2 11. Rd1 Qb6 12. Bd3 Nbc6 13. c3 Nxd4 14. cxd4 Rc8 15. O-O O-O 16. Rb1 Qc7 17. Rfc1 Qb8 18. Rf1 h6 19. g4 f6 20. Rbe1 Qc7 21. Qe3 f5 22. h3 Qd8 23. Kh1 Qe8 24. Rg1 Bb5 25. Bb1 Qf7 26. g5 Kh7 27. Nh4 Qh5 28. Qg3 Rg8 29. Nf3 Rc3 30. Kg2 Ng6 31. gxh6 Rxf3 32. Qh2 Nxf4+ 33. Kh1 Rxh3 34. Rg2 Rxh2+ 35. Rxh2 Qf3+ 36. Kg1 Qg3+ 37. Kh1 0-1


[Site "https://www.chess.com"]

[Event "Titled Tuesday Blitz October 5 2021"]
[White "Garcia Garcia, Alejandro"]
[Black "Sasikiran, Krishnan"]
[WhiteFideId "3516334"]
[BlackFideId "5004985"]
[WhiteElo "2131"]
[BlackElo "2552"]
[Result "0-1"]
[Round "01"]
[TimeControl "180+1"]
[Date "2021.10.05"]
[WhiteClock "0:00:15"]
[BlackClock "0:00:22"]

1. Nf3 d5 2. g3 c6 3. Bg2 Nf6 4. O-O Bg4 5. h3 Bh5 6. d3 Nbd7 7. Qe1 e5 8. e4 Bd6 9. Nh4 O-O 10. Nf5 Bc7 11. Nc3 Bg6 12. Bg5 h6 13. Bd2 Bxf5 14. exf5 Re8 15. Qd1 Qe7 16. Re1 Qd6 17. Qe2 a5 18. Rad1 a4 19. a3 b5 20. Kh1 Bb6 21. f4 exf4 22. Qf3 Be3 23. Bxe3 fxe3 24. Rxe3 Rxe3 25. Qxe3 Re8 26. Qf2 Nh5 27. Kh2 Nhf6 28. Re1 Rxe1 29. Qxe1 Kf8 30. Bf3 Qe5 31. Qxe5 Nxe5 32. Be2 d4 33. Nb1 Nd5 34. Kg1 c5 35. g4 b4 36. Kf2 Ke7 37. Ke1 Nf4 38. Bf1 Nd5 39. Be2 Kf6 40. Kd2 Kg5 41. c3 b3 42. cxd4 cxd4 43. Bf1 Ne3 44. Ke2 Nxf1 45. Kxf1 Nxd3 46. Nd2 Nxb2 47. Ke2 Kf4 48. Nf1 Nc4 49. Kd3 Nxa3 50. Nd2 b2 51. f6 gxf6 0-1


[Site "https://www.chess.com"]

[Event "Titled Tuesday Blitz October 5 2021"]
[White "Gorin, Leonid"]
[Black "Unneland, Mathias"]
[WhiteFideId "4131991"]
[BlackFideId "1525581"]
[WhiteElo "2363"]
[BlackElo "1975"]
[Result "1-0"]
[Round "01"]
[TimeControl "180+1"]
[Date "2021.10.05"]
[WhiteClock "0:01:59"]
[BlackClock "0:00:47"]

1. e4 e5 2. Nf3 Nc6 3. Bb5 Nf6 4. O-O Nxe4 5. d4 Nd6 6. Bxc6 dxc6 7. dxe5 Nf5 8. Qxd8+ Kxd8 9. Rd1+ Ke8 10. Nc3 Be7 11. h3 Nh4 12. Nxh4 Bxh4 13. Ne2 Bd7 14. g4 h5 15. f3 Rd8 16. Kg2 Be6 17. Be3 b6 18. Nf4 hxg4 19. hxg4 Bc8 20. Rh1 Ke7 21. Nh5 g5 22. Ng7 Rhg8 23. Rxh4 Rxg7 24. Rh5 f6 25. Re1 Kf7 26. exf6 1-0


[Site "https://www.chess.com"]

[Event "Titled Tuesday Blitz October 5 2021"]
[White "Hirneise, Jens"]
[Black "Mikhalevski, Victor"]
[WhiteFideId "24614734"]
[BlackFideId "2801914"]
[WhiteElo "2323"]
[BlackElo "2577"]
[Result "1-0"]
[Round "01"]
[TimeControl "180+1"]
[Date "2021.10.05"]
[WhiteClock "0:00:40"]
[BlackClock "0:00:18"]

1. d4 Nf6 2. Bf4 d5 3. e3 Bg4 4. Nf3 e6 5. Be2 Bd6 6. Ne5 Bxe2 7. Qxe2 O-O 8. Nd2 Nbd7 9. Ndf3 Ne4 10. Nxd7 Qxd7 11. Bxd6 cxd6 12. O-O Rac8 13. Rfc1 b5 14. Nd2 f5 15. f3 Ng5 16. h4 Nf7 17. e4 dxe4 18. fxe4 Nh6 19. c4 Qe7 20. cxb5 Qxh4 21. Nf3 Qf4 22. Rxc8 Rxc8 23. exf5 Qxf5 24. Re1 Re8 25. a4 Ng4 26. Qe4 Qxe4 27. Rxe4 Nf6 28. Re2 h6 29. Rc2 Nd5 30. Kf2 Kf7 31. Rc6 Rd8 32. Nd2 Ke7 33. Ne4 Rd7 34. Nc3 Nf6 35. a5 Rb7 36. Ra6 d5 37. Rc6 Nd7 38. a6 Rb8 39. Rc7 Ra8 40. Rb7 Kd6 41. Na4 g5 42. b4 h5 43. Nc5 Nf6 44. Rg7 g4 45. Nb7# 1-0


[Site "https://www.chess.com"]

[Event "Titled Tuesday Blitz October 5 2021"]
[White "Hoffmann, Asa"]
[Black "Fier, Alexandr"]
[WhiteFideId "2001470"]
[BlackFideId "2107139"]
[WhiteElo "2117"]
[BlackElo "2569"]
[Result "0-1"]
[Round "01"]
[TimeControl "180+1"]
[Date "2021.10.05"]
[WhiteClock "0:01:07"]
[BlackClock "0:01:38"]

1. d4 Nf6 2. Bg5 Ne4 3. Bf4 g5 4. Bc1 g4 5. f3 gxf3 6. exf3 Nf6 7. Bd3 b6 8. Qe2 Bb7 9. Nh3 e6 10. c3 c5 11. Be3 cxd4 12. Bxd4 Nc6 13. Bf2 Rg8 14. Bg3 Bc5 15. Nd2 Qe7 16. Ne4 Nxe4 17. Bxe4 O-O-O 18. Bxh7 Rg7 19. Be4 f5 20. Bd3 Bd6 21. Bxd6 Qxd6 22. O-O-O Qc5 23. Rhg1 Rdg8 24. Nf4 Ne5 25. Ba6 Bxa6 26. Qxa6+ Kb8 27. Qe2 Qc7 28. g3 Rc8 29. Rge1 Nc4 30. Kb1 Rh7 31. Rd4 Na5 32. Qe5 Qxe5 33. Rxe5 Nc6 34. Re2 e5 0-1


[Site "https://www.chess.com"]

[Event "Titled Tuesday Blitz October 5 2021"]
[White "Holt, Conrad"]
[Black "Rodchenkov, Vitaly"]
[WhiteFideId "2034387"]
[BlackFideId "4152964"]
[WhiteElo "2586"]
[BlackElo "2337"]
[Result "1-0"]
[Round "01"]
[TimeControl "180+1"]
[Date "2021.10.05"]
[WhiteClock "0:02:11"]
[BlackClock "0:01:36"]

1. d4 Nf6 2. c4 e6 3. Nc3 Bb4 4. Qc2 c5 5. dxc5 O-O 6. a3 Bxc5 7. Bf4 d5 8. e3 Nc6 9. Nf3 a6 10. Rd1 Qe7 11. Bg5 dxc4 12. Bxc4 b5 13. Ne4 bxc4 14. Qxc4 Ba7 15. Nxf6+ gxf6 16. Bh6 e5 17. Bxf8 Kh8 1-0


[Site "https://www.chess.com"]

[Event "Titled Tuesday Blitz October 5 2021"]
[White "Ivanisevic, Ivan"]
[Black "Yeritsyan, Hayk"]
[WhiteFideId "912417"]
[BlackFideId "13307320"]
[WhiteElo "2499"]
[BlackElo "2367"]
[Result "1-0"]
[Round "01"]
[TimeControl "180+1"]
[Date "2021.10.05"]
[WhiteClock "0:00:23"]
[BlackClock "0:00:01"]

1. c4 Nf6 2. Nc3 c5 3. g3 e6 4. Nf3 b6 5. Bg2 Bb7 6. O-O a6 7. Re1 d6 8. e4 Be7 9. d4 cxd4 10. Nxd4 Qc7 11. b3 Nbd7 12. Nd5 exd5 13. exd5 Ne5 14. f4 Ng6 15. Nf5 O-O-O 16. Be3 Kb8 17. Qd4 Ng4 18. Nxe7 Nxe3 19. Nxg6 Nxg2 20. Re7 Nh4 21. gxh4 Qc8 22. Nxh8 Qg4+ 23. Kf1 Qf3+ 24. Ke1 Rxh8 25. Kd2 Ka7 26. Rae1 Rc8 27. Rxf7 Qg2+ 28. Re2 Qg6 29. Qxg7 Qxg7 30. Rxg7 1-0


[Site "https://www.chess.com"]

[Event "Titled Tuesday Blitz October 5 2021"]
[White "Jain, Naveen"]
[Black "Yoo, Christopher Woojin"]
[WhiteFideId "5003970"]
[BlackFideId "30909694"]
[WhiteElo "2036"]
[BlackElo "2105"]
[Result "0-1"]
[Round "01"]
[TimeControl "180+1"]
[Date "2021.10.05"]
[WhiteClock "0:00:02"]
[BlackClock "0:00:03"]

1. c4 Nf6 2. g3 e6 3. Bg2 d5 4. Nf3 Be7 5. O-O O-O 6. b3 b6 7. Bb2 Bb7 8. d4 Ne4 9. Ne5 f6 10. Nf3 Nd7 11. Nfd2 f5 12. Nc3 Ndf6 13. f3 Nxd2 14. Qxd2 c5 15. cxd5 cxd4 16. Nb5 e5 17. Rac1 Nxd5 18. f4 e4 19. Nxd4 Bb4 20. Qc2 Ne3 21. Qc7 Rf7 22. Qxd8+ Rxd8 23. Nc2 Nxf1 24. Bxf1 Bc5+ 25. e3 Rd2 26. Bc3 Rxc2 27. Rxc2 Bxe3+ 28. Kg2 Rc7 29. Bc4+ Kf8 30. Be5 Rd7 31. Kf1 Rd2 32. Rxd2 Bxd2 33. Be6 g6 34. Bd6+ Ke8 35. Bg8 Ba6+ 36. Kg2 e3 37. Be6 e2 38. Kh3 e1=Q 0-1


[Site "https://www.chess.com"]

[Event "Titled Tuesday Blitz October 5 2021"]
[White "Kabanov, Nikolai"]
[Black "De Silva, L M S T"]
[WhiteFideId "4127820"]
[BlackFideId "9953698"]
[WhiteElo "2303"]
[BlackElo "1621"]
[Result "0-1"]
[Round "01"]
[TimeControl "180+1"]
[Date "2021.10.05"]
[WhiteClock "0:00:06"]
[BlackClock "0:01:38"]

1. e4 e5 2. Nf3 Nc6 3. Bc4 Nf6 4. Ng5 d5 5. exd5 Na5 6. Bb5+ c6 7. dxc6 bxc6 8. Be2 h6 9. Nf3 e4 10. Ne5 Bd6 11. d4 exd3 12. Nxd3 O-O 13. O-O Qc7 14. h3 c5 15. Nc3 Rb8 16. Re1 Bf5 17. Rb1 c4 18. Be3 cxd3 19. Bxd3 Rfd8 20. Kh1 Bxd3 21. cxd3 Bf4 22. Qa4 Bxe3 23. Rxe3 Nc6 24. b3 Nd4 25. Ne4 Nxe4 26. dxe4 Ne6 27. Qa6 Rd6 28. Qe2 Rbd8 29. a4 Rd2 30. Qf3 Qc2 31. Rf1 Rd1 32. Rxd1 Rxd1+ 33. Kh2 Qc1 34. Rd3 Rh1+ 35. Kg3 Qg1 36. Rc3 Qh2+ 37. Kg4 h5+ 38. Kh4 Qb8 39. Qxh5 Qf4+ 40. Qg4 g5+ 41. Kh5 Ng7+ 42. Kh6 Qf6# 0-1


[Site "https://www.chess.com"]

[Event "Titled Tuesday Blitz October 5 2021"]
[White "Kanyamarala, Tarun"]
[Black "Nenezic, Marko"]
[WhiteFideId "45004714"]
[BlackFideId "912123"]
[WhiteElo "2077"]
[BlackElo "2484"]
[Result "1-0"]
[Round "01"]
[TimeControl "180+1"]
[Date "2021.10.05"]
[WhiteClock "0:00:08"]
[BlackClock "0:00:03"]

1. e4 c5 2. Nf3 d6 3. d4 cxd4 4. Nxd4 Nf6 5. Nc3 a6 6. h3 e6 7. g4 b5 8. g5 Nfd7 9. Bg2 Bb7 10. O-O Nc6 11. Nxc6 Bxc6 12. Nd5 exd5 13. exd5 Bb7 14. Qd4 f6 15. Re1+ Be7 16. Qe4 Rc8 17. b3 Nc5 18. Qe2 Kf8 19. h4 Rc7 20. Bd2 Qd7 21. Qf3 f5 22. Bh3 g6 23. Bc3 Rg8 24. Re2 Qe8 25. Rae1 Qf7 26. Ba5 Rd7 27. b4 Bxd5 28. Qc3 Bc4 29. bxc5 dxc5 30. Re5 Bd5 31. Bb6 b4 32. Qe3 Bb7 33. Rxe7 Rxe7 34. Bxc5 Kg7 35. Bxe7 Rc8 36. Bf6+ Kg8 37. Bf1 h6 38. c3 bxc3 39. Bxc3 Be4 40. Bf6 hxg5 41. hxg5 Qh7 42. f3 Bb7 43. Qe6+ Qf7 44. Qxf7+ Kxf7 45. Re7+ 1-0


[Site "https://www.chess.com"]

[Event "Titled Tuesday Blitz October 5 2021"]
[White "Karolczuk, Iwo"]
[Black "Bethke, Richard"]
[WhiteFideId "21816972"]
[BlackFideId "12959243"]
[WhiteElo "2093"]
[BlackElo "2384"]
[Result "1-0"]
[Round "01"]
[TimeControl "180+1"]
[Date "2021.10.05"]
[WhiteClock "0:00:09"]
[BlackClock "0:00:32"]

1. d4 Nf6 2. c4 e6 3. g3 d5 4. Nf3 Bb4+ 5. Bd2 Bd6 6. Bg2 c6 7. Qc2 O-O 8. O-O Ne4 9. Ne1 Nxd2 10. Nxd2 Nd7 11. Nd3 dxc4 12. Nxc4 Bc7 13. Rfd1 Qe7 14. Qc3 c5 15. dxc5 Nxc5 16. Nxc5 Qxc5 17. Rac1 e5 18. b4 Qe7 19. Ne3 Bd6 20. Nd5 Qe6 21. Nc7 Bxc7 22. Bd5 Qb6 23. Qxc7 Qxb4 24. Rb1 Qa3 25. Rb3 Qa4 26. Bxf7+ Rxf7 27. Rd8+ Rf8 28. Rxf8+ Kxf8 29. Rf3+ Ke8 30. Qxg7 Qd1+ 31. Kg2 Qd5 32. g4 b6 33. Kg3 Qd6 34. Qg8+ Kd7 35. Rd3 Bb7 36. Qf7+ Kc6 37. Rxd6+ Kxd6 38. Qxb7 Re8 39. Qxa7 Re7 40. Qxb6+ Kd5 41. Qb5+ Ke6 42. Qd3 h6 43. Qf5+ Kd6 44. e4 Ra7 45. f4 Ra3+ 46. Kh4 Rxa2 47. Qxe5+ Kd7 48. Qd5+ Ke7 49. Qxa2 Kf6 50. e5+ Kg6 51. f5+ Kh7 52. Qf7+ Kh8 53. Qa7 h5 54. Kxh5 Kg8 55. Kg6 Kf8 56. Qf7# 1-0


[Site "https://www.chess.com"]

[Event "Titled Tuesday Blitz October 5 2021"]
[White "Kezin, Roman"]
[Black "Nguyen Hong Nhung"]
[WhiteFideId "24124621"]
[BlackFideId "12412201"]
[WhiteElo "2557"]
[BlackElo "1661"]
[Result "1-0"]
[Round "01"]
[TimeControl "180+1"]
[Date "2021.10.05"]
[WhiteClock "0:01:33"]
[BlackClock "0:00:17"]

1. d4 f5 2. Nf3 Nf6 3. g3 g6 4. Bg2 Bg7 5. O-O O-O 6. c4 d6 7. Nc3 Qe8 8. Nd5 Na6 9. Nxf6+ Bxf6 10. Bh6 Bg7 11. Bxg7 Kxg7 12. Re1 e5 13. dxe5 dxe5 14. e4 f4 15. Qd5 Nb4 16. Qc5 Nd3 17. Qxc7+ Rf7 18. Qa5 Nxe1 19. Rxe1 Re7 20. Qc3 fxg3 21. hxg3 Bg4 22. Nd2 Kg8 23. c5 Rc8 24. b4 Be6 25. Qxe5 Bxa2 26. Qa1 Qf7 27. e5 a5 28. Ne4 Rf8 29. Nf6+ Kh8 30. bxa5 Bc4 31. Qb2 Rc7 32. Qb6 Be6 33. f4 Rfc8 34. Ne4 Qe7 35. Nd6 Ra8 36. Bxb7 Rb8 37. a6 Bd5 38. Bxd5 Rxb6 39. cxb6 Rc2 40. a7 Rc8 41. b7 Rd8 42. b8=Q Kg7 43. Qb7 Rd7 44. a8=Q 1-0


[Site "https://www.chess.com"]

[Event "Titled Tuesday Blitz October 5 2021"]
[White "Koridze, Lile"]
[Black "Sorokin, Aleksey"]
[WhiteFideId "13612514"]
[BlackFideId "24176460"]
[WhiteElo "1978"]
[BlackElo "2476"]
[Result "0-1"]
[Round "01"]
[TimeControl "180+1"]
[Date "2021.10.05"]
[WhiteClock "0:00:11"]
[BlackClock "0:00:38"]

1. d4 Nf6 2. c4 g6 3. Nc3 d5 4. Nf3 Bg7 5. Bg5 Ne4 6. cxd5 Nxg5 7. Nxg5 e6 8. Qd2 exd5 9. Qe3+ Kf8 10. Qf4 Bf6 11. h4 c6 12. e4 h6 13. Nf3 Be6 14. e5 Be7 15. Bd3 Kg7 16. O-O-O Nd7 17. g4 Rc8 18. Rdg1 c5 19. Kb1 Qb6 20. h5 g5 21. Qe3 cxd4 22. Nxd4 Nxe5 23. Qxe5+ Bf6 24. Nxe6+ fxe6 25. Na4 Bxe5 26. Nxb6 axb6 27. Re1 Kf6 28. Re3 Bf4 29. Re2 Rc6 30. Rhe1 Rhc8 31. Rc2 Rxc2 32. Bxc2 Rc5 33. Bd3 e5 34. f3 Ke6 35. a3 Kd6 36. Bc2 Rc4 37. Bd3 Rd4 38. Bf5 Rd2 39. Rc1 Rf2 40. Rc8 Rxf3 41. b4 e4 42. Rd8+ Ke5 43. Rd7 e3 44. Rxb7 Kd4 45. Re7 Be5 46. Bd3 0-1


[Site "https://www.chess.com"]

[Event "Titled Tuesday Blitz October 5 2021"]
[White "Kovalchuk94"]
[Black "Bouget, Alexandre"]
[BlackFideId "681318"]
[WhiteElo "2695"]
[BlackElo "2178"]
[Result "1-0"]
[Round "01"]
[TimeControl "180+1"]
[Date "2021.10.05"]
[WhiteClock "0:00:19"]
[BlackClock "0:00:02"]

1. d4 Nf6 2. c4 c5 3. Nf3 g6 4. g3 Bg7 5. Bg2 O-O 6. O-O cxd4 7. Nxd4 Nc6 8. Nc3 a6 9. h3 Qc7 10. b3 Nxd4 11. Qxd4 Ne4 12. Qxe4 Bxc3 13. Bh6 Re8 14. Rac1 Bf6 15. Rfd1 d6 16. Bf4 Bf5 17. Qxb7 Qxb7 18. Bxb7 Ra7 19. Bg2 Bb2 20. e4 Bxc1 21. Bxc1 Be6 22. Be3 Rd7 23. Bd2 a5 24. Rc1 Ra7 25. Bf1 Rc8 26. Be3 Raa8 27. f4 a4 28. b4 a3 29. Kf2 Ra4 30. Bd2 Kf8 31. g4 f5 32. exf5 gxf5 33. g5 Ke8 34. Ke3 d5 35. c5 Bd7 36. Kd4 e6 37. Bd3 Kf7 38. h4 Bc6 39. h5 Rb8 40. Rb1 Bb5 41. Bc2 Ra6 42. Bb3 Bc4 43. Bxc4 dxc4 44. Kxc4 Rd8 45. Bc3 Ra4 46. Rg1 Rd5 47. g6+ hxg6 48. hxg6+ Kg8 49. Rh1 1-0


[Site "https://www.chess.com"]

[Event "Titled Tuesday Blitz October 5 2021"]
[White "Kubicka, Anna"]
[Black "Bortnyk, Olexandr"]
[WhiteFideId "1152254"]
[BlackFideId "14120828"]
[WhiteElo "1903"]
[BlackElo "2723"]
[Result "0-1"]
[Round "01"]
[TimeControl "180+1"]
[Date "2021.10.05"]
[WhiteClock "0:00:57"]
[BlackClock "0:01:32"]

1. e4 Nf6 2. e5 Nd5 3. d4 d6 4. c4 Nb6 5. exd6 exd6 6. Nc3 Be7 7. Bd3 O-O 8. h3 Nc6 9. Nf3 Bf6 10. Be3 Re8 11. O-O d5 12. c5 Nc4 13. Bxc4 dxc4 14. d5 Ne5 15. Nxe5 Bxe5 16. Bd4 Bf5 17. Bxe5 Rxe5 18. Qd4 Qf6 19. Qxc4 Bxh3 20. gxh3 Rg5+ 21. Kh2 Qf3 22. Qe4 Rg2+ 23. Kh1 Qxh3# 0-1


[Site "https://www.chess.com"]

[Event "Titled Tuesday Blitz October 5 2021"]
[White "Kuegel, Tobias"]
[Black "Riazantsev, Alexander"]
[WhiteFideId "4636295"]
[BlackFideId "4125029"]
[WhiteElo "2435"]
[BlackElo "2497"]
[Result "0-1"]
[Round "01"]
[TimeControl "180+1"]
[Date "2021.10.05"]
[WhiteClock "0:00:04"]
[BlackClock "0:01:18"]

1. Nf3 d5 2. b3 Nf6 3. Bb2 g6 4. e3 Bg7 5. d4 O-O 6. Be2 b6 7. O-O Bb7 8. Ne5 c5 9. f4 Nc6 10. Nd2 e6 11. Rc1 Rc8 12. c3 Qe7 13. Qe1 Nd7 14. Ndf3 f6 15. Nxd7 Qxd7 16. c4 Ne7 17. Qf2 Nf5 18. g4 Nd6 19. Nd2 f5 20. g5 cxd4 21. exd4 Ne4 22. Nxe4 fxe4 23. Rfd1 Rf7 24. Ba3 Bf8 25. Bb2 Bd6 26. cxd5 Bxd5 27. Qg2 Bxf4 28. Rxc8+ Qxc8 29. Rf1 Qc2 0-1


[Site "https://www.chess.com"]

[Event "Titled Tuesday Blitz October 5 2021"]
[White "Ladan, Nicholas"]
[Black "Seo, Jung Min"]
[WhiteFideId "30918855"]
[BlackFideId "1734687"]
[WhiteElo "2383"]
[BlackElo "2486"]
[Result "0-1"]
[Round "01"]
[TimeControl "180+1"]
[Date "2021.10.05"]
[WhiteClock "0:00:11"]
[BlackClock "0:00:09"]

1. d4 Nf6 2. Nf3 g6 3. Nbd2 d5 4. b4 Bg7 5. e3 a5 6. b5 c5 7. a4 cxd4 8. Nxd4 O-O 9. Be2 e5 10. N4b3 Nbd7 11. Bb2 Re8 12. O-O Nb6 13. c4 Bf5 14. c5 Nbd7 15. Rc1 Rc8 16. Nf3 Bf8 17. c6 bxc6 18. bxc6 Nb6 19. Bxe5 Nxa4 20. Qd4 Rxe5 21. Nxe5 Nb6 22. Nxa5 Qc7 23. Rb1 Rb8 24. Nb7 Nc8 25. Nc5 Rxb1 26. Rxb1 Bxc5 27. Qxc5 Qxe5 28. Rc1 Ne4 29. Qa5 Qb2 30. Re1 Be6 31. Ba6 Qxf2+ 32. Kh1 Nd2 33. Rd1 Bh3 34. gxh3 Qf3+ 35. Kg1 Qxd1+ 36. Kf2 Ne4+ 37. Kg2 Qc2+ 38. Kg1 Qf2+ 39. Kh1 Qf3+ 40. Kg1 Qxe3+ 41. Kg2 Qf2+ 42. Kh1 Ncd6 43. Qd8+ Kg7 44. c7 Qf3+ 45. Kg1 Qxh3 46. c8=Q Qe3+ 47. Kg2 Nxc8 48. Qxc8 Qf2+ 49. Kh1 Qf3+ 50. Kg1 Qe3+ 51. Kg2 d4 52. Qc4 Qf2+ 53. Kh1 Ng5 54. Qd5 Nf3 0-1


[Site "https://www.chess.com"]

[Event "Titled Tuesday Blitz October 5 2021"]
[White "Lashkin, Jegor"]
[Black "Federzoni, Enzo"]
[WhiteFideId "13907808"]
[BlackFideId "2173301"]
[WhiteElo "2293"]
[BlackElo "1956"]
[Result "1-0"]
[Round "01"]
[TimeControl "180+1"]
[Date "2021.10.05"]
[WhiteClock "0:01:20"]
[BlackClock "0:00:34"]

1. a3 Nf6 2. d4 g6 3. g3 Bg7 4. Bg2 d5 5. c3 O-O 6. Nf3 Bf5 7. O-O Nc6 8. Nbd2 Qd7 9. Re1 Ne4 10. Nh4 Nxd2 11. Bxd2 Rfe8 12. Nxf5 Qxf5 13. e4 dxe4 14. Bxe4 Qd7 15. Qf3 Rad8 16. Bg5 h6 17. Bf4 g5 18. Be3 e5 19. Bxc6 Qxc6 20. Qxc6 bxc6 21. dxe5 Rxe5 22. Bxa7 Rxe1+ 23. Rxe1 Rd2 24. Rb1 f5 25. Be3 Rd5 26. a4 Kf7 27. Ra1 Ra5 28. b4 Ra8 29. Ra3 Ke6 30. c4 Bf6 31. Bc5 g4 32. a5 h5 33. a6 Kd7 34. a7 Kc8 35. Re3 Kb7 36. Re6 Bg7 37. Be3 Bf8 38. b5 c5 39. Re5 Rxa7 40. Bxc5 Bd6 41. Bxd6 cxd6 42. Rxf5 Ra4 43. c5 h4 44. gxh4 dxc5 45. Rxc5 1-0


[Site "https://www.chess.com"]

[Event "Titled Tuesday Blitz October 5 2021"]
[White "Le, Tuan Minh"]
[Black "Przybylski, Wojciech"]
[WhiteFideId "12401153"]
[BlackFideId "1117599"]
[WhiteElo "2450"]
[BlackElo "2247"]
[Result "1-0"]
[Round "01"]
[TimeControl "180+1"]
[Date "2021.10.05"]
[WhiteClock "0:00:44"]
[BlackClock "0:00:18"]

1. d4 Nf6 2. Nf3 e6 3. Bf4 c5 4. c3 b6 5. e3 Bb7 6. Nbd2 Be7 7. Bd3 O-O 8. O-O d6 9. h3 Nbd7 10. Qe2 cxd4 11. cxd4 Nd5 12. Bg3 Nb4 13. Bb5 a6 14. Ba4 b5 15. Bb3 Rc8 16. a3 Nd5 17. e4 N5f6 18. e5 dxe5 19. dxe5 Nd5 20. Rac1 Nc5 21. Bc2 a5 22. Ne4 b4 23. Rfd1 Ba6 24. Qe1 Qb6 25. Nd6 Rc7 26. Bb1 Nd3 27. Rxd3 Rxc1 28. Qxc1 Bxd3 29. Bxd3 bxa3 30. bxa3 Rb8 31. Kh2 g6 32. Be4 a4 33. Bxd5 exd5 34. Qf4 Bxd6 35. exd6 Rd8 36. Qf6 Rd7 37. Be5 1-0


[Site "https://www.chess.com"]

[Event "Titled Tuesday Blitz October 5 2021"]
[White "Lehtosaari, Mauri"]
[Black "Kamsky, Gata"]
[WhiteFideId "501999"]
[BlackFideId "2000024"]
[WhiteElo "2445"]
[BlackElo "2603"]
[Result "0-1"]
[Round "01"]
[TimeControl "180+1"]
[Date "2021.10.05"]
[WhiteClock "0:00:02"]
[BlackClock "0:00:25"]

1. d4 d5 2. Nf3 Nf6 3. Bg5 Ne4 4. Bf4 c5 5. e3 Nc6 6. c3 Bf5 7. Nbd2 e6 8. Qb3 Qb6 9. Be2 c4 10. Qxb6 axb6 11. O-O h6 12. Nxe4 Bxe4 13. h3 b5 14. a3 Kd7 15. Nd2 Bh7 16. Bf3 Bd3 17. Rfe1 f5 18. Bh2 Be7 19. Rac1 h5 20. Bd1 h4 21. f3 Bd6 22. e4 Bxh2+ 23. Kxh2 Ne7 24. Bc2 Bxc2 25. Rxc2 Ng6 26. Rcc1 Nf4 27. Rc2 g6 28. e5 g5 29. Nf1 Kc6 30. Ne3 Kb6 31. Nd1 Ka5 32. Nf2 Ka4 33. Rd2 Kb3 34. Re3 Rac8 35. Re1 Rc6 36. Ra1 Ka4 37. Re1 Ra8 38. Rb1 b4 39. axb4 Kb3 40. Nd1 Rca6 41. Ne3 Ra1 42. Rdd1 Rxb1 43. Rxb1 Ka2 44. Rf1 Kxb2 45. Nd1+ Kc2 46. Rg1 Kd2 47. g3 hxg3+ 48. Kxg3 Ne2+ 0-1


[Site "https://www.chess.com"]

[Event "Titled Tuesday Blitz October 5 2021"]
[White "Maghsoodloo, Parham"]
[Black "Ferreira, Vitor Hugo Vieira"]
[WhiteFideId "12539929"]
[BlackFideId "2119765"]
[WhiteElo "2601"]
[BlackElo "2216"]
[Result "1-0"]
[Round "01"]
[TimeControl "180+1"]
[Date "2021.10.05"]
[WhiteClock "0:00:19"]
[BlackClock "0:00:07"]

1. e4 c6 2. d4 d5 3. Nd2 dxe4 4. Nxe4 Nf6 5. f3 e5 6. dxe5 Qxd1+ 7. Kxd1 Nxe4 8. fxe4 Bg4+ 9. Be2 Be6 10. Nf3 Nd7 11. Bf4 h6 12. Nd4 O-O-O 13. c3 Nc5 14. Kc2 Nxe4 15. Nxe6 fxe6 16. Bg4 Re8 17. Bh5 Rd8 18. Bg6 Nc5 19. h4 Be7 20. g3 Rhf8 21. b4 Na6 22. a3 Nc7 23. c4 b5 24. Bd3 bxc4 25. Bxc4 Nd5 26. Raf1 Rf5 27. Bd3 Rxf4 28. gxf4 Ne3+ 29. Kc3 Nxf1 30. Bxf1 Rf8 31. Bh3 Rxf4 32. Bxe6+ Kc7 33. Rg1 g5 34. Rd1 Kb6 35. Rd7 Bf8 36. hxg5 hxg5 37. Rh7 a5 38. bxa5+ Kxa5 39. Bc4 Rf3+ 40. Bd3 Bc5 41. Rh5 g4 42. e6 Kb6 43. a4 Be7 44. a5+ Kc7 45. a6 Kb6 46. Rh7 Bf6+ 47. Kc2 Rf2+ 48. Kd1 Ra2 49. e7 Bxe7 50. Rxe7 g3 51. Rg7 g2 52. Ke1 Kc5 53. Rg4 Kb6 54. Be2 Ra1+ 55. Kf2 g1=Q+ 56. Rxg1 Ra2 57. Rb1+ Ka7 58. Rb7+ Ka8 59. Rc7 Rc2 60. Ke3 Kb8 61. Rh7 c5 62. a7+ Ka8 63. Bf3# 1-0


[Site "https://www.chess.com"]